NYP
SPOKANE INDIANS @ VANCOUVER CANADIANS
04/15/2046
 
TOP OF THE 1ST
Spokane Indians batting - Pitching for Vancouver Canadians : RHP Dave August
Pitching: RHP Dave August
Batting: LHB Gabriel Graves 0-0: Ball
1-0: Foul Ball, location: 2F
1-1: Foul Ball, location: 2F
1-2: Ball
2-2: SINGLE (Groundball, 6S, EV 69.4 MPH) (infield hit)
Batting: SHB Josh Schultze 0-0: Called Strike
0-1: Ball
1-1: Swinging Strike
1-2: Foul Ball, location: 2F
1-2: Grounds into double play, 4-6-3 (Groundball, 4MS, EV 77.5 MPH)
Batting: LHB Nick Foutz 0-0: Ball
1-0: Swinging Strike
1-1: Foul Ball, location: 2F
1-2: Strikes out swinging
Top of the 1st over - 0 runs, 1 hit, 0 errors, 0 left on base; Spokane 0 - Vancouver 0
BOTTOM OF THE 1ST
Vancouver Canadians batting - Pitching for Spokane Indians : LHP Valery Sahanov
Pitching: LHP Valery Sahanov
Batting: RHB Kennet Strijbis 0-0: Ball
1-0: Foul Ball, location: 2F
1-1: Foul Ball, location: 2F
1-2: Ball
2-2: Ball
3-2: Strikes out swinging
Batting: RHB Nikita Schram 0-0: Called Strike
0-1: Foul Ball, location: 2F
0-2: Strikes out swinging
Batting: RHB Takanibu Kaneshiro 0-0: Ball
1-0: Swinging Strike
1-1: Foul Ball, location: 2F
1-2: Strikes out swinging
Bottom of the 1st over - 0 runs, 0 hits, 0 errors, 0 left on base; Spokane 0 - Vancouver 0
TOP OF THE 2ND
Spokane Indians batting - Pitching for Vancouver Canadians : RHP Dave August
Batting: RHB Ryan Pastore 0-0: Ball
1-0: DOUBLE (Line Drive, 89D, EV 108.1 MPH)
Batting: RHB Lupe Covarrubias 0-0: Ball
1-0: Ball
2-0: Foul Ball, location: 2F
2-1: Ball
3-1: 2-RUN HOME RUN (Flyball, 7D, EV 96.9 MPH), Distance : 383 ft
Batting: LHB Bill Armijo 0-0: Called Strike
0-1: Ball
1-1: Ball
2-1: Called Strike
2-2: Foul Ball, location: 2F
2-2: Ball
3-2: Ground out 4-3 (Groundball, 4, EV 76.9 MPH)
Batting: LHB Dave Doughty 0-0: Called Strike
0-1: Ball
1-1: DOUBLE (Flyball, 78XD, EV 101.2 MPH)
Batting: LHB Casper Kersten 0-0: Ground out 6-3 (Groundball, P, EV 80.0 MPH)
Dave Doughty to third
Batting: RHB Daniel Barger 0-0: Foul Ball, location: 2F
0-1: Hit by Pitch
Batting: LHB Gabriel Graves 0-0: Ball
1-0: Called Strike
1-1: Foul Ball, location: 2F
1-2: Foul Ball, location: 2F
1-2: Strikes out swinging
Top of the 2nd over - 2 runs, 3 hits, 0 errors, 2 left on base; Spokane 2 - Vancouver 0
BOTTOM OF THE 2ND
Vancouver Canadians batting - Pitching for Spokane Indians : LHP Valery Sahanov
Batting: RHB Justin Geiger 0-0: Called Strike
0-1: Ball
1-1: Ball
2-1: Foul Ball, location: 2F
2-2: Foul Ball, location: 2F
2-2: TRIPLE (Flyball, 8RXD, EV 101.2 MPH)
Batting: RHB Elliot Manfredini 0-0: Ball
1-0: SINGLE (Groundball, 56D, EV 100.6 MPH)
Justin Geiger scores
Batting: RHB Alex Vazquez 0-0: SINGLE (Groundball, 56D, EV 101.9 MPH)
Elliot Manfredini to second
Batting: LHB Adam Santarelli 0-0: Ball
Elliot Manfredini steals 3rd base
Alex Vazquez to second
1-0: Foul Ball, location: 2F
1-1: Called Strike
1-2: Ball
2-2: Fly out, F7 (Flyball, 7LM, EV 103.1 MPH)
Runner from 3rd tags up, SCORES, throw by LF
Alex Vazquez to third
Batting: RHB Jose Ontiveros 0-0: Ground out 5-3 (Groundball, 5S, EV 85.0 MPH)
Batting: LHB Sonny Flood 0-0: Ball
1-0: Swinging Strike
1-1: Swinging Strike
1-2: Fly out, F8 (Line Drive, 8RD, EV 100.0 MPH)
Bottom of the 2nd over - 2 runs, 3 hits, 0 errors, 1 left on base; Spokane 2 - Vancouver 2
TOP OF THE 3RD
Spokane Indians batting - Pitching for Vancouver Canadians : RHP Dave August
Batting: SHB Josh Schultze 0-0: Ball
1-0: Called Strike
1-1: Ground out U3 (Groundball, 3, EV 100.6 MPH)
Batting: LHB Nick Foutz 0-0: Called Strike
0-1: Foul Ball, location: 2F
0-2: Strikes out swinging
Batting: RHB Ryan Pastore 0-0: Ball
1-0: Called Strike
1-1: Ball
2-1: Fly out, F8 (Flyball, 89S, EV 91.2 MPH)
Top of the 3rd over - 0 runs, 0 hits, 0 errors, 0 left on base; Spokane 2 - Vancouver 2
BOTTOM OF THE 3RD
Vancouver Canadians batting - Pitching for Spokane Indians : LHP Valery Sahanov
Batting: RHB Kennet Strijbis 0-0: Swinging Strike
0-1: Foul Ball, location: 2F
0-2: Strikes out swinging
Batting: RHB Nikita Schram 0-0: Ball
1-0: SINGLE (Line Drive, 6M, EV 103.8 MPH)
Batting: RHB Takanibu Kaneshiro 0-0: Ball
Nikita Schram steals 2nd base
1-0: Ball
2-0: Called Strike
2-1: Ground out 6-3 (Groundball, 6, EV 106.9 MPH)
Batting: RHB Justin Geiger 0-0: Called Strike
0-1: Foul Ball, location: 2F
0-2: Ball
1-2: Ball
2-2: Ball
Wild Pitch!
Nikita Schram to third
3-2: Strikes out looking
Bottom of the 3rd over - 0 runs, 1 hit, 0 errors, 1 left on base; Spokane 2 - Vancouver 2
TOP OF THE 4TH
Spokane Indians batting - Pitching for Vancouver Canadians : RHP Dave August
Batting: RHB Lupe Covarrubias 0-0: Foul Ball, location: 2F
0-1: Swinging Strike
0-2: Fly out, F8 (Line Drive, 78S, EV 91.9 MPH)
Batting: LHB Bill Armijo 0-0: Ball
1-0: Foul Ball, location: 2F
1-1: Ball
2-1: Ball
3-1: Foul Ball, location: 2F
3-2: Strikes out swinging
Batting: LHB Dave Doughty 0-0: Ground out 1-3 (Groundball, 23, EV 67.5 MPH)
Top of the 4th over - 0 runs, 0 hits, 0 errors, 0 left on base; Spokane 2 - Vancouver 2
BOTTOM OF THE 4TH
Vancouver Canadians batting - Pitching for Spokane Indians : LHP Valery Sahanov
Batting: RHB Elliot Manfredini 0-0: Ball
1-0: Called Strike
1-1: Ball
2-1: SINGLE (Groundball, 6S, EV 60.0 MPH) (infield hit)
Batting: RHB Alex Vazquez 0-0: Foul Ball, location: 2F
Balk!
Elliot Manfredini to second
0-1: Ball
1-1: Ball
2-1: Swinging Strike
2-2: Ball
3-2: Ground out 5-3 (Groundball, 56, EV 108.1 MPH)
Batting: LHB Adam Santarelli 0-0: SINGLE (Groundball, 6D, EV 97.5 MPH)
Elliot Manfredini to third
Runner from 3rd tries for Home, SAFE, throw by CF to home
Batting: RHB Jose Ontiveros 0-0: Ball
1-0: Fielders Choice at 2nd, 4-6 (Groundball, 4M, EV 81.2 MPH)
Batting: LHB Sonny Flood 0-0: SINGLE (Line Drive, 78S, EV 101.2 MPH)
Jose Ontiveros to second
Batting: RHB Kennet Strijbis 0-0: Called Strike
0-1: Ball
1-1: Ground out U3 (Groundball, 23, EV 85.6 MPH)
Bottom of the 4th over - 1 run, 3 hits, 0 errors, 2 left on base; Spokane 2 - Vancouver 3
TOP OF THE 5TH
Spokane Indians batting - Pitching for Vancouver Canadians : RHP Dave August
Batting: LHB Casper Kersten 0-0: SINGLE (Line Drive, 8RS, EV 92.5 MPH)
Batting: RHB Daniel Barger 0-0: Ball
1-0: Foul Ball, location: 2F
1-1: SINGLE (Groundball, 56D, EV 107.5 MPH)
Casper Kersten to second
Batting: LHB Gabriel Graves 0-0: Ball
1-0: Ball
2-0: Called Strike
2-1: Foul Ball, location: 2F
2-2: Foul Ball, location: 2F
2-2: Ball
3-2: Foul Ball, location: 2F
3-2: SINGLE (Line Drive, 5D, EV 103.1 MPH)
Casper Kersten to third
Daniel Barger to second
Batting: SHB Josh Schultze 0-0: Called Strike
0-1: Grounds into fielders choice 6-2 (Groundball, 4, EV 89.4 MPH)
Daniel Barger to third
Gabriel Graves to second
Batting: LHB Nick Foutz 0-0: Grounds into fielders choice 4-2 (Groundball, 34, EV 80.6 MPH)
Gabriel Graves to third
Josh Schultze to second
Batting: RHB Ryan Pastore 0-0: Ball
1-0: Called Strike
1-1: Called Strike
1-2: Strikes out swinging
Top of the 5th over - 0 runs, 3 hits, 0 errors, 3 left on base; Spokane 2 - Vancouver 3
BOTTOM OF THE 5TH
Vancouver Canadians batting - Pitching for Spokane Indians : LHP Valery Sahanov
Batting: RHB Nikita Schram 0-0: Foul Ball, location: 2F
0-1: Foul Ball, location: 2F
0-2: Ball
1-2: Ball
2-2: Strikes out swinging
Batting: RHB Takanibu Kaneshiro 0-0: Ball
1-0: Foul Ball, location: 2F
1-1: Ball
2-1: Swinging Strike
2-2: Strikes out swinging
Batting: RHB Justin Geiger 0-0: Ball
1-0: Foul Ball, location: 2F
1-1: Fly out, F8 (Flyball, 8LD, EV 83.8 MPH)
Bottom of the 5th over - 0 runs, 0 hits, 0 errors, 0 left on base; Spokane 2 - Vancouver 3
TOP OF THE 6TH
Spokane Indians batting - Pitching for Vancouver Canadians : RHP Dave August
Batting: RHB Lupe Covarrubias 0-0: Swinging Strike
0-1: Ball
1-1: Foul Ball, location: 2F
1-2: Ball
2-2: Foul Ball, location: 2F
2-2: SINGLE (Flyball, 56D, EV 90.6 MPH)
Batting: LHB Bill Armijo 0-0: Called Strike
Lupe Covarrubias steals 2nd base (no throw)
0-1: Ball
1-1: Swinging Strike
1-2: Ground out U3 (Groundball, 34, EV 85.6 MPH)
Lupe Covarrubias to third
Batting: LHB Dave Doughty 0-0: Ball
1-0: Foul Ball, location: 2F
1-1: Called Strike
1-2: SINGLE (Groundball, 34, EV 100.0 MPH)
Lupe Covarrubias scores
Batting: LHB Casper Kersten 0-0: Ball
1-0: Foul Ball, location: 2F
1-1: Hit by Pitch
Dave Doughty to second
Batting: RHB Daniel Barger 0-0: Foul Ball, location: 2F
0-1: Called Strike
0-2: Ball
1-2: DOUBLE (Groundball, 5L, EV 103.8 MPH)
Dave Doughty scores
Casper Kersten to third
Runner from 3rd tries for Home, SAFE, throw by LF to trailing runner, OUT at third! 7-3-5
Batting: LHB Gabriel Graves 0-0: DOUBLE (Groundball, 3L, EV 96.2 MPH)
Pitching: RHP Ari Lueger
Batting: SHB Josh Schultze 0-0: Called Strike
0-1: Ball
1-1: Ball
2-1: Foul Ball, location: 2F
2-2: Foul Ball, location: 2F
2-2: Foul Ball, location: 2F
2-2: Strikes out looking
Top of the 6th over - 3 runs, 4 hits, 0 errors, 1 left on base; Spokane 5 - Vancouver 3
BOTTOM OF THE 6TH
Vancouver Canadians batting - Pitching for Spokane Indians : LHP Valery Sahanov
Batting: RHB Elliot Manfredini 0-0: Ball
1-0: SINGLE (Groundball, 56D, EV 96.2 MPH)
Batting: RHB Alex Vazquez 0-0: Called Strike
0-1: Foul Ball, location: 2F
0-2: Ball
Wild Pitch!
Elliot Manfredini to second
1-2: Ball
2-2: Ground out 1-3 (Groundball, 15S, EV 65.6 MPH)
Pitching: LHP Mario Castro
Pinch Hitting: RHB Norm Mercer 0-0: Foul Ball, location: 2F
0-1: DOUBLE (Line Drive, 89D, EV 104.4 MPH)
Elliot Manfredini scores
Batting: RHB Jose Ontiveros Balk!
Norm Mercer to third
Pinch Hitting: RHB Jose Garate 0-0: Foul Ball, location: 2F
0-1: Foul Ball, location: 2F
0-2: Ball
1-2: Strikes out swinging
Pinch Hitting: RHB Lee McKay 0-0: Foul Ball, location: 2F
0-1: Fly out, F7 (Flyball, 7, EV 88.1 MPH)
Bottom of the 6th over - 1 run, 2 hits, 0 errors, 1 left on base; Spokane 5 - Vancouver 4
TOP OF THE 7TH
Spokane Indians batting - Pitching for Vancouver Canadians : RHP Ari Lueger
Pitching: LHP John Joaquin
Now in LF: Edgar Castillo
Now in CF: Dan Hilyer
Now in RF: Jose Garate
Pinch Hitting: RHB Josh Whitmore 0-0: Called Strike
0-1: Ball
1-1: Ball
2-1: SINGLE (Groundball, 25, EV 66.9 MPH) (infield hit)
Pitching: LHP Luis Concepcion
Batting: RHB Ryan Pastore Pickoff Throw to First - Out! 1-3 CS
0-0: Ball
1-0: Foul Ball, location: 2F
1-1: Ball
2-1: SOLO HOME RUN (Flyball, 89XD, EV 106.9 MPH), Distance : 417 ft
Batting: RHB Lupe Covarrubias 0-0: Called Strike
0-1: Ball
1-1: Foul Ball, location: 2F
1-2: Ground out 6-3 (Groundball, 6S, EV 91.2 MPH)
Batting: LHB Bill Armijo 0-0: Ball
1-0: Foul Ball, location: 2F
1-1: Ball
2-1: Swinging Strike
2-2: Foul Ball, location: 2F
2-2: Strikes out looking
Top of the 7th over - 1 run, 2 hits, 0 errors, 0 left on base; Spokane 6 - Vancouver 4
BOTTOM OF THE 7TH
Vancouver Canadians batting - Pitching for Spokane Indians : LHP Mario Castro
Now at 1B: Herb Craig
Now in LF: Orlando Melchor
Now in CF: Bill Armijo
Batting: RHB Kennet Strijbis 0-0: Ball
1-0: Swinging Strike
1-1: Foul Ball, location: 2F
1-2: Strikes out swinging, 2-3 out at first.
Batting: RHB Nikita Schram 0-0: Ball
1-0: Called Strike
1-1: Fly out, F8 (Flyball, 89M, EV 85.6 MPH)
Batting: RHB Takanibu Kaneshiro 0-0: Ground out U3 (Groundball, 34, EV 81.9 MPH)
Bottom of the 7th over - 0 runs, 0 hits, 0 errors, 0 left on base; Spokane 6 - Vancouver 4
TOP OF THE 8TH
Spokane Indians batting - Pitching for Vancouver Canadians : LHP Luis Concepcion
Batting: LHB Dave Doughty 0-0: Ball
1-0: Ball
2-0: Ground out 3-1 (Groundball, 34S, EV 86.2 MPH)
Batting: LHB Casper Kersten 0-0: Foul Ball, location: 2F
0-1: Swinging Strike
0-2: Strikes out swinging
Batting: RHB Daniel Barger 0-0: Ball
1-0: Foul Ball, location: 2F
1-1: Foul Ball, location: 2F
1-2: Strikes out swinging
Top of the 8th over - 0 runs, 0 hits, 0 errors, 0 left on base; Spokane 6 - Vancouver 4
BOTTOM OF THE 8TH
Vancouver Canadians batting - Pitching for Spokane Indians : LHP Mario Castro
Now at 3B: Reilly Hawkins
Batting: RHB Justin Geiger 0-0: Ball
1-0: Ball
2-0: Fly out, F8 (Flyball, 8RXD, EV 109.4 MPH)
Batting: RHB Elliot Manfredini 0-0: Ball
1-0: Foul Ball, location: 2F
1-1: Ball
2-1: Called Strike
2-2: Strikes out looking
Batting: RHB Alex Vazquez 0-0: Ball
1-0: Swinging Strike
1-1: Ball
2-1: DOUBLE (Line Drive, 78D, EV 110.6 MPH)
Batting: RHB Dan Hilyer 0-0: Ball
1-0: Called Strike
1-1: Ball
2-1: SINGLE (Line Drive, 34, EV 98.8 MPH)
Alex Vazquez to third
Runner from 3rd tries for Home, SAFE, throw by RF to home
Batting: RHB Jose Garate 0-0: Ball
1-0: Foul Ball, location: 2F
1-1: Ball
2-1: Fly out, F4 (Popup, 4MS, EV 79.4 MPH)
Bottom of the 8th over - 1 run, 2 hits, 0 errors, 1 left on base; Spokane 6 - Vancouver 5
TOP OF THE 9TH
Spokane Indians batting - Pitching for Vancouver Canadians : LHP Luis Concepcion
Pinch Hitting: RHB Oscar Fausto 0-0: Called Strike
0-1: Ball
1-1: Ball
2-1: Ball
3-1: Base on Balls
Batting: SHB Josh Schultze 0-0: Ball
1-0: Called Strike
1-1: Foul Ball, location: 2F
1-2: Foul Ball, location: 2F
1-2: Foul Ball, location: 2F
1-2: Foul Ball, location: 2F
1-2: Foul Ball, location: 2F
1-2: Ball
2-2: Ball
3-2: SINGLE (Line Drive, 8RS, EV 99.4 MPH)
Oscar Fausto to second
Pinch Runner at 2nd Jun Nakamura:
Batting: RHB Orlando Melchor 0-0: Ball
1-0: Ball
2-0: Ball
3-0: Base on Balls
Jun Nakamura to third
Josh Schultze to second
Batting: RHB Herb Craig 0-0: Called Strike
0-1: Ball
1-1: Ball
2-1: Foul Ball, location: 2F
2-2: Foul Ball, location: 2F
2-2: Ball
3-2: Base on Balls
Jun Nakamura scores
Josh Schultze to third
Orlando Melchor to second
Pitching: RHP Eric Bessire
Batting: RHB Lupe Covarrubias 0-0: Ball
1-0: Ball
2-0: Ball
3-0: Called Strike
3-1: Called Strike
3-2: Strikes out swinging
Batting: LHB Bill Armijo 0-0: Called Strike
0-1: Fly out, F9 (Flyball, 89S, EV 84.4 MPH)
Batting: LHB Dave Doughty 0-0: Called Strike
0-1: Ball
1-1: Called Strike
1-2: Ground out U3 (Groundball, 3, EV 82.5 MPH)
Top of the 9th over - 1 run, 1 hit, 0 errors, 3 left on base; Spokane 7 - Vancouver 5
BOTTOM OF THE 9TH
Vancouver Canadians batting - Pitching for Spokane Indians : LHP Mario Castro
Pitching: RHP Torsten Fisher
Now at 1B: Jun Nakamura
Now at 2B: Herb Craig
Now in LF: Matt Strong
Batting: LHB Edgar Castillo 0-0: Ball
1-0: Ball
2-0: Fly out, F9 (Flyball, 9, EV 85.6 MPH)
Pinch Hitting: LHB Ray Whitehead 0-0: Ball
1-0: Ball
2-0: Ball
3-0: Base on Balls
Batting: RHB Nikita Schram 0-0: Called Strike
0-1: Foul Ball, location: 2F
0-2: DOUBLE (Line Drive, 5D, EV 94.4 MPH)
Ray Whitehead to third
Pinch Hitting: LHB Devin Huber 0-0: Called Strike
0-1: Foul Ball, location: 2F
0-2: TRIPLE (Line Drive, 78XD, EV 107.5 MPH)
Ray Whitehead scores
Nikita Schram scores
Pinch Hitting: LHB Roald Jacobs 0-0: Intentional Walk
Batting: RHB Elliot Manfredini 0-0: Ball
Roald Jacobs steals 2nd base (no throw)
1-0: Foul Ball, location: 2F
1-1: Ball
2-1: Foul Ball, location: 2F
2-2: SINGLE (Flyball, 89S, EV 94.4 MPH)
Devin Huber scores
Bottom of the 9th over - 3 runs, 3 hits, 0 errors, 2 left on base; Spokane 7 - Vancouver 8
Tuesday, September 13th , 2022 - OOTP Baseball 23.7 Build 88